 Dungeon Crawl Stone Soup version 0.22.0-5-gf09313c (webtiles) character file.

88 mopl the Sneak (level 4, 0/21 HPs)
             Began as a Spriggan Enchanter on Aug 13, 2018.
             Slain by a hobgoblin
             ... wielding a +0 club
             ... led by Robin
              (3 damage)
             ... on level 2 of the Dungeon.
             The game lasted 00:03:44 (1713 turns).

mopl the Sneak (Spriggan Enchanter)                 Turns: 1713, Time: 00:03:45

Health: 0/21       AC:  2    Str:  4    XL:     4   Next: 29%
Magic:  2/9        EV: 17    Int: 16    God:
Gold:   60         SH:  5    Dex: 17    Spells: 3/9 levels left

rFire    . . .     SeeInvis +   p - -2 short sword (curse)
rCold    . . .     Gourm    .   h - +0 buckler (curse)
rNeg     . . .     Faith    .   b - +0 robe
rPois    .         Spirit   .   (helmet restricted)
rElec    .         Reflect  .   (no cloak)
rCorr    .         Harm     .   (gloves unavailable)
MR       .....                  (boots unavailable)
Stlth    +++.......             (no amulet)
HPRegen  0.07/turn              (no ring)
MPRegen  0.11/turn              (no ring)

@: very quick
A: very small, unfitting armour, see invisible, herbivore, speed 3, slow
metabolism 2
a: no special abilities


You were on level 2 of the Dungeon.
You were not hungry.

You visited 1 branch of the dungeon, and saw 2 of its levels.

You collected 60 gold pieces.

Inventory:

Hand Weapons
 a - a +0 dagger of holy wrath
 p - a cursed -2 short sword (weapon)
Missiles
 e - 97 stones (quivered)
 n - 6 tomahawks
Armour
 b - a +0 robe (worn)
 h - a cursed +0 buckler (worn)
Jewellery
 l - an uncursed ring of fire
Scrolls
 f - 3 scrolls of identify {unknown}
 i - a scroll of random uselessness {unknown}
 j - 2 scrolls of enchant armour {unknown}
 k - a scroll of amnesia {unknown}
 o - a scroll of teleportation {unknown}
Potions
 c - a potion of haste {unknown}
 g - a potion of magic {unknown}
 m - a potion of lignification {unknown}
Comestibles
 d - 2 rations


   Skills:
 - Level 1.1 Short Blades
 - Level 3.0 Dodging
 + Level 5.7 Stealth
 + Level 3.3 Spellcasting
 * Level 5.0 Hexes
 + Level 0.4 Ice Magic


You had 3 spell levels left.
You knew the following spells:

 Your Spells              Type           Power        Failure   Level  Hunger
a - Corona                Hex            ###....      3%          1    None
b - Ensorcelled Hibernat  Hex/Ice        ##....       14%         2    ##.....
c - Confuse               Hex            ###.....     12%         3    ###....

Your spell library contained the following spells:

 Spells                   Type           Power        Failure   Level  Hunger
 Tukima's Dance           Hex            ###.....     12%         3    ###....
 Dazzling Spray           Conj/Hex       ##....       32%         3    ###....


Dungeon Overview and Level Annotations

Branches:
Dungeon (2/15)

Altars:
Cheibriados
Kikubaaqudgha


Innate Abilities, Weirdness & Mutations

You are very small and have problems with some larger weapons.
You are too small for most types of armour.
You have supernaturally acute eyesight. (SInv)
You are a herbivore.
You cover ground extremely quickly.
You need to consume almost no food.


Message History

Robin is almost dead.
The goblin hits you with a club.
* * * LOW HITPOINT WARNING * * *
You strike the helpless Robin from behind!
You puncture Robin!
You kill Robin!
You block the goblin's attack.
A hobgoblin comes into view. It is wielding a club.
The goblin misses you.
A goblin comes into view. It is wielding a club.
A goblin comes into view.
A goblin comes into view.
You block the hobgoblin's attack.
Casting: Confuse (safe; 12% risk of failure)
Confirm with . or Enter, or press ? or * to list all spells.
Okay, then.
You hit the hobgoblin but do no damage. The hobgoblin closely misses you.
You barely miss the hobgoblin. The hobgoblin completely misses you.
You hit the hobgoblin but do no damage. The hobgoblin hits you with a club.
You die...

#.....####.##.#
######.#.#.###...#)#######.
#...................)g.....
#.####.#.#......##g#######.
#.....####)##.# ###.#.#
#.##g###### #.#.#
#gg....<..g... #.#.#
#g##..g......# ###...#
#@#########..# #...#.# #.#
#..# #.....# #.# #..#
##...#.# #.### #..# #......#
#...# #..# #.##.#.# ###.#
#..##### #.##.#.#
#.#######†......
#.##.#.######.........#.####
#.##..#.........###.###.# #


You could see 2 hobgoblins and a goblin.

Vanquished Creatures
  A worker ant (D:2)
  Robin (D:2)
  3 dart slugs
  A leopard gecko (D:1)
  4 bats
  3 giant cockroaches
  6 goblins
  8 hobgoblins
  2 ball pythons (D:2)
  A frilled lizard (D:1)
  9 kobolds
  5 rats
44 creatures vanquished.

Notes
Turn   | Place    | Note
-------+----------+-------------------------------------------
     0 | D:1      | mopl the Spriggan Enchanter began the quest for the Orb.
     0 | D:1      | Reached XP level 1. HP: 9/9 MP: 5/5
   133 | D:1      | Reached skill level 4 in Hexes
   191 | D:1      | Reached XP level 2. HP: 9/13 MP: 4/6
   216 | D:1      | Learned a level 2 spell: Ensorcelled Hibernation
   643 | D:1      | Reached skill level 3 in Spellcasting
   922 | D:1      | Reached XP level 3. HP: 16/16 MP: 8/8
   931 | D:1      | Learned a level 3 spell: Confuse
  1184 | D:2      | Reached skill level 5 in Stealth
  1527 | D:2      | Found a snail-covered altar of Cheibriados.
  1527 | D:2      | Found an ancient bone altar of Kikubaaqudgha.
  1604 | D:2      | Reached skill level 5 in Hexes
  1604 | D:2      | Reached XP level 4. HP: 13/21 MP: 0/9
  1677 | D:2      | Noticed Robin
  1702 | D:2      | Killed Robin
  1713 | D:2      | Slain by a hobgoblin

Skill      XL: |  1  2  3 |
---------------+----------+-----
Hexes          | 4 5 |  5.0
Spellcasting   | 3 |  3.3
Stealth        | 5 |  5.7
Short Blades   | |  1.1
Dodging        | |  3.0
Ice Magic      | |  0.4

Action                   |  1- 3 |  4- 6 || total
-------------------------+-------+-------++-------
Melee: Dagger            |    93 |       ||    93
       Short sword       |     1 |    21 ||    22
Throw: Stone             |     8 |       ||     8
 Cast: Corona            |     5 |       ||     5
       Ensorcelled Hiber |    22 |     2 ||    24
       Confuse           |       |     1 ||     1
 Stab: Sleeping          |    29 |     2 ||    31
       Confused          |       |     2 ||     2
Armor: Robe              |     7 |     3 ||    10
Dodge: Dodged            |    59 |    25 ||    84
Block: Buckler           |       |    10 ||    10
